 Dungeon Crawl Stone Soup version 0.21.1-1-g345015f (webtiles) character file.

5075 vatarom the Fighter (level 10, -3/123 HPs)
             Began as a Gnoll Wanderer on May 28, 2018.
             Was a Follower of Qazlal.
             Slain by a killer bee (6 damage)
             ... on level 8 of the Dungeon.
             The game lasted 00:12:01 (9112 turns).

vatarom the Fighter (Gnoll Wanderer)                Turns: 9112, Time: 00:12:01

Health: -3/123     AC: 25    Str: 15 (17) XL:     10   Next: 56%
Magic:  17/17      EV:  2    Int: 11 (14) God:    Qazlal [*.....]
Gold:   249        SH:  1    Dex: 13 (16) Spells: 19/19 levels left

rFire    + + .     SeeInvis .   a - +7 great mace "Firestarter" {inner flame, rF++}
rCold    . . .     Gourm    .   (shield currently unavailable)
rNeg     + + +     Faith    .   (armour currently unavailable)
rPois    +         Spirit   .   (helmet currently unavailable)
rElec    .         Reflect  .   (cloak currently unavailable)
rCorr    .         Harm     .   (gloves currently unavailable)
MR       .....     NoTele   +   (boots currently unavailable)
Stlth    +++.......             (no amulet)
HPRegen  0.30/turn              (no ring)
MPRegen  0.15/turn              (no ring)

@: lethally poisoned (-3 -> -24), tree-form
A: distributed training, deterioration 1, strong nose
a: Renounce Religion


You were on level 8 of the Dungeon.
You worshipped Qazlal.
Qazlal was aware of your devotion.
You were completely stuffed.
You were a tree.
You visited 2 branches of the dungeon, and saw 9 of its levels.

You collected 361 gold pieces.
You spent 112 gold pieces at shops.

Inventory:

Hand Weapons
 a - the +7 great mace "Firestarter" (weapon) {inner flame, rF++}
   (You took it off Dowan on level 6 of the Dungeon)

   It has been specially enchanted to burn those struck by it, causing extra
   injury to most foes and up to half again as much damage against particularly
   susceptible opponents.
   It greatly protects you from fire.
 b - a +0 shortbow
 y - a +0 blowgun
Missiles
 c - 89 arrows
 A - 30 poisoned needles
 K - a throwing net (quivered) {!f}
Armour
 h - +0 steam dragon scales (melded)
 l - a +0 pair of boots
 n - a +0 helmet
 G - a +2 cloak (melded)
 I - a +0 pair of gloves
Jewellery
 j - an uncursed ring of magical power {unknown}
 s - an uncursed ring of protection from cold {unknown}
 v - a cursed ring of loudness {unknown}
 x - an uncursed ring of see invisible {unknown}
 C - an uncursed ring of protection from cold {unknown}
Wands
 q - a wand of acid (10) {@v2}
Scrolls
 d - 2 scrolls of teleportation {@r3}
 e - 2 scrolls of immolation {unknown}
 g - 6 scrolls of remove curse {unknown}
 i - a scroll of torment {unknown}
 m - a scroll of vulnerability {unknown}
 o - 2 scrolls of amnesia {unknown}
 t - 8 scrolls of identify {unknown}
 u - 3 scrolls of fear {unknown}
 w - a scroll of fog {unknown}
 D - 3 scrolls of magic mapping {unknown}
 E - a scroll of enchant armour {unknown}
 F - a scroll of random uselessness {unknown}
 L - a scroll of blinking {unknown}
Potions
 r - 2 potions of lignification
 H - a potion of magic {unknown}
 J - a potion of heal wounds {unknown}
 M - a potion of flight
Books
 k - a book of Necromancy

   Spells                             Type                      Level
   a - Pain                           Necromancy                   1
   b - Animate Skeleton               Necromancy                   1
   c - Vampiric Draining              Necromancy                   3
   d - Regeneration                   Charms/Necromancy            3
   e - Animate Dead                   Necromancy                   4
   f - Borgnjor's Vile Clutch         Necromancy/Earth             5
 p - a book of Changes

   Spells                             Type                      Level
   a - Beastly Appendage              Transmutation                1
   b - Sticks to Snakes               Transmutation                2
   c - Spider Form                    Transmutation/Poison         3
   d - Ice Form                       Ice/Transmutation            4
   e - Blade Hands                    Transmutation                5
Comestibles
 f - 3 rations {@e1}


   Skills:
 + Level 8.5 Fighting
 + Level 5.3 Short Blades
 + Level 5.3 Long Blades
 + Level 5.3 Axes
 + Level 5.3 Maces & Flails
 + Level 5.3 Polearms
 + Level 5.3 Staves
 + Level 5.3 Slings
 + Level 7.1 Bows
 + Level 5.3 Crossbows
 + Level 6.0 Throwing
 + Level 6.0 Armour
 + Level 6.0 Dodging
 + Level 5.3 Stealth
 + Level 6.0 Shields
 + Level 6.0 Unarmed Combat
 + Level 5.3 Spellcasting
 + Level 4.3 Conjurations
 + Level 4.3 Hexes
 + Level 4.3 Charms
 + Level 4.3 Summonings
 + Level 4.3 Necromancy
 + Level 4.3 Translocations
 + Level 4.3 Transmutations
 + Level 4.3 Fire Magic
 + Level 4.3 Ice Magic
 + Level 4.3 Air Magic
 + Level 4.3 Earth Magic
 + Level 4.3 Poison Magic
 + Level 5.8 Invocations
 + Level 5.3 Evocations


You had 19 spell levels left.
You didn't know any spells.

Dungeon Overview and Level Annotations

Branches:
Dungeon (8/15)             Temple (1/1) D:7
   Lair: D:8-11

Altars:
Ashenzari
Cheibriados
Dithmenos
Elyvilon
Fedhas
Gozag
Hepliaklqana
Kikubaaqudgha
Makhleb
Nemelex Xobeh
Okawaru
Qazlal
Ru
Sif Muna
Trog
Uskayaw
Vehumet
Wu Jian
Xom
Yredelemnul
Zin
The Shining One

Shops:
D:7 !


Innate Abilities, Weirdness & Mutations

Your experience applies equally to all skills.
((You have very sharp teeth.))
Your uncanny sense of smell can sniff out nearby items.
((You have a pair of antennae on your head.))
((You are partially covered in icy blue scales. (AC +2)))
Your body sometimes deteriorates upon taking damage.


Message History

Your Dodging skill increases to level 6!
Your Shields skill increases to level 6!
Your Unarmed Combat skill increases to level 6!
The killer bee stings you but does no damage.
Unknown command.
Unknown command.
Unknown command.
Unknown command.
Unknown command.
Unknown command.
Unknown command.
Unknown command.
It was a potion of degeneration.
There was something very wrong with that liquid.
You feel weakened.
You feel dopey.
You feel clumsy.
* * * LOW HITPOINT WARNING * * *
You feel sick. The killer bee stings you.
* * * LOW HITPOINT WARNING * * *
The killer bee stings you.
You die...

...................##.
...#.##...............
.....................
...................# #
#.................. ..
.................####...
........................
..............(†§.......
...#....#.....#y♣.......
..............#..####.#.
........#..........
....................
....##................
....##..............#.
....##..............#
.....................
....##.............


You could see a killer bee (inner flame).

Vanquished Creatures
  The ghost of diana the Cleaver, a novice HOBe of Trog (D:8)
  The ghost of bmj180 the Digger, a novice GrEE (D:5)
  The ghost of kalagan the Thaumaturge, a novice DESu of Hepliaklqana (D:7)
  Grinder (D:6)
  The ghost of Jaiteiro the Chiller, an amateur GrIE (D:3)
  A wyvern (D:8)
  A steam dragon (D:8)
  Duvessa (D:6)
  A water moccasin (D:8)
  3 ice beasts
  A sky beast (D:7)
  A black bear (D:7)
  A necrophage (D:7)
  3 ogres
  4 centaurs
  A big kobold (D:6)
  3 bullfrogs
  Dowan (D:6)
  A scorpion (D:4)
  A water moccasin skeleton (D:6)
  4 killer bees (D:8)
  9 wights (D:8)
  3 howler monkeys
  Crazy Yiuf (D:7)
  A jelly (D:8)
  3 orc priests
  A centaur skeleton (D:8)
  2 bullfrog skeletons
  4 hounds
  3 orc wizards
  2 iguanas
  3 worker ants
  A howler monkey zombie (D:8)
  A worker ant zombie (D:7)
  Robin (D:2)
  3 gnolls (D:3)
  9 adders
  2 shadow imps (D:6)
  An ooze (D:4)
  2 adder skeletons
  4 worms
  2 dart slugs
  4 leopard geckos
  12 orcs
  3 giant cockroaches
  8 hobgoblins
  14 jackals
  A quokka (D:3)
  5 bats
  4 frilled lizards
  12 goblins
  10 kobolds
  A leopard gecko skeleton (D:6)
  6 rats
  6 bushes (D:6)
  8 plants (D:6)
185 creatures vanquished.

Vanquished Creatures (others)
  A wight (D:8)
1 creature vanquished.

Grand Total: 186 creatures vanquished

Notes
Turn   | Place    | Note
-------+----------+-------------------------------------------
     0 | D:1      | vatarom the Gnoll Wanderer began the quest for the Orb.
     0 | D:1      | vatarom set off with: a +2 scale mail, a +0 shortbow, 23 arrows, a scroll of teleportation {@r3}, a ration {@e1}
     0 | D:1      | Reached XP level 1. HP: 23/23 MP: 1/1
   712 | D:2      | Noticed Robin
   728 | D:2      | Reached XP level 2. HP: 29/29 MP: 2/2
   739 | D:2      | Killed Robin
   756 | D:2      | Reached XP level 3. HP: 34/35 MP: 3/3
   926 | D:2      | Reached skill level 1 in Invocations
  1083 | D:2      | Reached skill level 1 in Short Blades
  1083 | D:2      | Reached skill level 1 in Long Blades
  1083 | D:2      | Reached skill level 1 in Axes
  1083 | D:2      | Reached skill level 1 in Maces & Flails
  1083 | D:2      | Reached skill level 1 in Polearms
  1083 | D:2      | Reached skill level 1 in Staves
  1083 | D:2      | Reached skill level 1 in Slings
  1083 | D:2      | Reached skill level 1 in Crossbows
  1083 | D:2      | Reached skill level 1 in Stealth
  1083 | D:2      | Reached skill level 1 in Spellcasting
  1083 | D:2      | Reached skill level 1 in Evocations
  1172 | D:2      | Reached XP level 4. HP: 37/41 MP: 5/5
  1397 | D:2      | Reached skill level 1 in Conjurations
  1397 | D:2      | Reached skill level 1 in Hexes
  1397 | D:2      | Reached skill level 1 in Charms
  1397 | D:2      | Reached skill level 1 in Summonings
  1397 | D:2      | Reached skill level 1 in Necromancy
  1397 | D:2      | Reached skill level 1 in Translocations
  1397 | D:2      | Reached skill level 1 in Transmutations
  1397 | D:2      | Reached skill level 1 in Fire Magic
  1397 | D:2      | Reached skill level 1 in Ice Magic
  1397 | D:2      | Reached skill level 1 in Air Magic
  1397 | D:2      | Reached skill level 1 in Earth Magic
  1397 | D:2      | Reached skill level 1 in Poison Magic
  1614 | D:3      | Noticed an ogre
  1619 | D:3      | Killed an ogre
  1619 | D:3      | Reached XP level 5. HP: 47/47 MP: 5/7
  1784 | D:3      | Noticed Jaiteiro's ghost (amateur GrIE)
  1805 | D:3      | Killed Jaiteiro's ghost
  1805 | D:3      | Reached skill level 5 in Bows
  1805 | D:3      | Reached XP level 6. HP: 20/53 MP: 7/9
  2476 | D:3      | Found a basalt altar of Yredelemnul.
  2539 | D:3      | Reached XP level 7. HP: 52/59 MP: 10/10
  3096 | D:3      | Reached skill level 7 in Fighting
  3685 | D:5      | Entered Level 5 of the Dungeon
  3701 | D:5      | Noticed bmj180's ghost (novice GrEE)
  3727 | D:5      | Killed bmj180's ghost
  3727 | D:5      | Reached XP level 8. HP: 27/67 MP: 10/12
  4644 | D:6      | Noticed Duvessa
  4644 | D:6      | Noticed Dowan
  4855 | D:6      | Noticed Grinder
  4867 | D:6      | Killed Grinder
  4989 | D:6      | Killed Duvessa
  5000 | D:6      | Killed Dowan
  5220 | D:6      | Reached XP level 9. HP: 57/72 MP: 14/14
  6515 | D:7      | Reached skill level 5 in Throwing
  6515 | D:7      | Reached skill level 5 in Armour
  6515 | D:7      | Reached skill level 5 in Dodging
  6515 | D:7      | Reached skill level 5 in Shields
  6515 | D:7      | Reached skill level 5 in Unarmed Combat
  6753 | D:7      | Found a runed door.
  6978 | D:7      | Found a staircase to the Ecumenical Temple.
  7041 | D:7      | Found a stormy altar of Qazlal.
  7045 | D:7      | Found an opulent altar of Gozag.
  7045 | D:7      | Found a sacrificial altar of Ru.
  7067 | Temple   | Entered the Ecumenical Temple
  7434 | D:7      | Noticed kalagan's ghost (novice DESu)
  7449 | D:7      | Killed kalagan's ghost
  7449 | D:7      | Reached skill level 8 in Fighting
  7467 | D:7      | Reached skill level 5 in Invocations
  7738 | D:7      | Found Ciolouh's Distillery.
  7742 | D:7      | Bought a potion of mutation for 112 gold pieces
  7742 | D:7      | Gained mutation: You have a pair of small antennae on your head. [potion of mutation]
  7742 | D:7      | Gained mutation: Your body sometimes deteriorates upon taking damage. [potion of mutation]
  7742 | D:7      | Gained mutation: You have a pair of antennae on your head. [potion of mutation]
  7742 | D:7      | Gained mutation: You are partially covered in icy blue scales. (AC +2) [potion of mutation]
  7748 | D:7      | Found a shattered altar of Ashenzari.
  7772 | D:7      | Found a white marble altar of Elyvilon.
  7773 | D:7      | Found a snail-covered altar of Cheibriados.
  7773 | D:7      | Found a shimmering altar of Xom.
  8057 | D:7      | Noticed Crazy Yiuf
  8061 | D:7      | Killed Crazy Yiuf
  8122 | D:7      | Became a worshipper of Qazlal Stormbringer
  8288 | D:8      | Reached XP level 10. HP: 75/80 MP: 17/17
  8644 | D:8      | Reached skill level 5 in Short Blades
  8644 | D:8      | Reached skill level 5 in Long Blades
  8644 | D:8      | Reached skill level 5 in Axes
  8644 | D:8      | Reached skill level 5 in Maces & Flails
  8644 | D:8      | Reached skill level 5 in Polearms
  8644 | D:8      | Reached skill level 5 in Staves
  8644 | D:8      | Reached skill level 5 in Slings
  8644 | D:8      | Reached skill level 5 in Crossbows
  8644 | D:8      | Reached skill level 5 in Stealth
  8644 | D:8      | Reached skill level 5 in Spellcasting
  8644 | D:8      | Reached skill level 5 in Evocations
  8649 | D:8      | Reached * piety under Qazlal
  8655 | D:8      | Noticed diana's ghost (novice HOBe)
  8665 | D:8      | HP: 4/81 [diana's ghost (16)]
  8665 | D:8      | HP: 1/81 [diana's ghost (3)]
  9029 | D:8      | Killed diana's ghost
  9112 | D:8      | HP: 6/123 [poisoned by a killer bee]
  9112 | D:8      | Slain by a killer bee

Skill      XL: |  1  2  3  4  5  6  7  8  9 10 |
---------------+-------------------------------+-----
Invocations    | 1 2 3 4 5 |  5.8
Short Blades   | 1 2 3 4 5 |  5.3
Long Blades    | 1 2 3 4 5 |  5.3
Axes           | 1 2 3 4 5 |  5.3
Maces & Flails | 1 2 3 4 5 |  5.3
Polearms       | 1 2 3 4 5 |  5.3
Staves         | 1 2 3 4 5 |  5.3
Slings         | 1 2 3 4 5 |  5.3
Crossbows      | 1 2 3 4 5 |  5.3
Stealth        | 1 2 3 4 5 |  5.3
Spellcasting   | 1 2 3 4 5 |  5.3
Evocations     | 1 2 3 4 5 |  5.3
Conjurations   | 1 2 3 4 |  4.3
Hexes          | 1 2 3 4 |  4.3
Charms         | 1 2 3 4 |  4.3
Summonings     | 1 2 3 4 |  4.3
Necromancy     | 1 2 3 4 |  4.3
Translocations | 1 2 3 4 |  4.3
Transmutations | 1 2 3 4 |  4.3
Fire Magic     | 1 2 3 4 |  4.3
Ice Magic      | 1 2 3 4 |  4.3
Air Magic      | 1 2 3 4 |  4.3
Earth Magic    | 1 2 3 4 |  4.3
Poison Magic   | 1 2 3 4 |  4.3
Throwing       | 3 4 5 6 |  6.0
Armour         | 3 4 5 6 |  6.0
Dodging        | 3 4 5 6 |  6.0
Shields        | 3 4 5 6 |  6.0
Unarmed Combat | 3 4 5 6 |  6.0
Bows           | 5 6 7 |  7.1
Fighting       | 7 8 |  8.5

Action                   |  1- 3 |  4- 6 |  7- 9 | 10-12 || total
-------------------------+-------+-------+-------+-------++-------
Melee: Flail             |       |     4 |    21 |       ||    25
       Bite              |       |     1 |    17 |     6 ||    24
       Great mace        |       |       |   104 |    46 ||   150
 Fire: Shortbow          |    84 |   117 |   205 |     4 ||   410
Evoke: Wand              |       |       |       |     2 ||     2
  Use: Potion            |       |     2 |     7 |     3 ||    12
       Scroll            |       |       |       |     1 ||     1
 Stab: Sleeping          |       |       |     1 |     2 ||     3
  Eat: Chunk             |     1 |     1 |     7 |       ||     9
       Ration            |       |     1 |     3 |     4 ||     8
Armor: Scale mail        |    22 |    22 |   120 |     3 ||   167
       Skin              |       |       |     2 |    12 ||    14
       Steam dragon scal |       |       |       |    28 ||    28
Dodge: Dodged            |    38 |    26 |   188 |   115 ||   367
Block: Other             |       |       |       |     3 ||     3
